AoeStats
← 九天之外

Arena

509155012Analyzed
1v1 RM · 7d ago on Sep 25, 2026· 43m 14s· 2 players
Game mode
Random Map
Map size
Tiny (2 player)
Population
200
Speed
Normal
Resources
Standard
Victory
Conquest
Starting age
Dark Age
Ending age
Imperial Age
RankedLock teamsTeams togetherTeam positionsShared explorationLock speedFull tech treeHidden civsTurbo modeCheats
Victory
Defeat
🇨🇳 Danes · China
273
+15
🇩🇪 Spanish · Germany
250
-15
Katz
11:16 Feudal Age
12:54 Wheelbarrow
14:28 Horse Collar
15:49 Loom
19:32 Double-Bit Axe
19:53 Gold Mining
24:19 Castle Age
25:57 Thumb Ring
31:53 Heavy Plow
34:05 Bow Saw
41:00 Imperial Age
九天之外
9:49 Feudal Age
10:13 Double-Bit Axe
11:01 Horse Collar
16:06 Gold Mining
16:28 Stone Mining
19:39 Castle Age
18:07 Arson
21:17 Heavy Plow
21:29 Bow Saw
22:13 Wheelbarrow
22:07 Squires
25:10 Hand Cart
25:28 Forging
26:07 Scale Mail Armor
27:49 Iron Casting
29:00 Hamask
34:35 Imperial Age
32:47 Chain Mail Armor
34:02 Gold Shaft Mining
34:03 Stone Shaft Mining
33:37 Fletching
33:47 Padded Archer Armor
33:46 Fletching
34:27 Bodkin Arrow
34:32 Town Watch
35:45 Conscription
36:35 Blast Furnace
36:05 Northmen's Fury
37:00 Town Patrol
37:16 Elite Varangian Guard
Connection lost

Rejoining the realm…

Still unreachable

The connection could not be restored.

Session expired

The server has moved on; the page needs a fresh start.